 Dungeon Crawl Stone Soup version 0.22-a0-322-g60b3cfd (webtiles) character file.

29 Kairos the Shield-Bearer (level 3, 29/29 HPs)
             Began as a Human Fighter on Apr 3, 2018.
             Got out of the dungeon alive.
             The game lasted 00:01:27 (594 turns).

Kairos the Shield-Bearer (Human Fighter)             Turns: 594, Time: 00:01:27

Health: 29/29      AC:  8    Str: 16    XL:     3   Next: 32%
Magic:  3/3        EV:  6    Int:  8    God:
Gold:   38         SH:  8    Dex: 13    Spells: 2/2 levels left

rFire    . . .     SeeInvis .   e - +0 spear (pierce)
rCold    . . .     Gourm    .   c - +0 shield
rNeg     . . .     Faith    .   b - +0 scale mail
rPois    .         Spirit   .   (no helmet)
rElec    .         Reflect  .   (no cloak)
rCorr    .         Harm     .   h - +1 pair of gloves
MR       .....                  (no boots)
Stlth    ..........             (no amulet)
HPRegen  0.09/turn              (no ring)
MPRegen  0.08/turn              (no ring)

@: heavily drained
A: no striking features
a: no special abilities


You escaped.
You were not hungry.

You visited 1 branch of the dungeon, and saw 1 of its levels.

You collected 38 gold pieces.

Inventory:

Hand Weapons
 a - a +0 war axe
 e - a +0 spear of piercing (weapon)
Armour
 b - a +0 scale mail (worn)
 c - a +0 shield (worn)
 h - a +1 pair of gloves (worn)
Scrolls
 i - 2 scrolls of random uselessness
Potions
 d - 2 potions of might
Comestibles
 f - 2 rations


   Skills:
 + Level 3.1(1.8) Fighting
 + Level 2.1(0.9) Axes
 + Level 0.5(0.2) Polearms
 + Level 3.1(1.8) Armour
 + Level 0.4(0.0) Dodging
 + Level 3.6(2.3) Shields


You had 2 spell levels left.
You didn't know any spells.

Dungeon Overview and Level Annotations

Branches:
Dungeon (1/15)

Altars:


Message History

You block the goblin's attack. You block the goblin's attack.
You block the goblin's attack. You block the goblin's attack.
The goblin barely misses you. The goblin hits you.
The goblin barely misses you.
You hit the goblin.
You kill the goblin!
Your magical contamination has completely faded away.
As you read the scroll labeled FEGAS URUURPHOUQ, it crumbles to dust.
You feel strangely unstable.
It was a scroll of teleportation.
As you read the scroll labeled IFO YTOUMA, it crumbles to dust.
You smell pepper.
It was a scroll of random uselessness.
Your surroundings suddenly seem different.
HP restored.
You see here 12 arrows.
There is a staircase leading out of the dungeon, spattered with blood here.
Are you sure you want to leave the Dungeon?
This will make you lose the game!
You have escaped!

........############
#.#....# #####...#
#P≈≈≈≈≈≈≈≈≈P.#...(#
#(..#
#.P≈≈≈≈≈≈≈P..######
#..(# #..P≈≈≈≈≈P...# #
#...# #...P≈≈≈P....# #
#...# #....P≈P..(..#
#####...# #.....P......#
........###.(......)...#
.#####..##......@......#
........##.............#
................P......#
.......(..#....P≈P.....#
..........#...P≈≈≈P....#
......(...#..P≈≈≈≈≈P...#
..........#.P≈≈≈≈≈≈≈P..#
..........#P≈≈≈≈≈≈≈≈≈P.#
###.....###########


There were no monsters in sight!

Vanquished Creatures
  A dart slug (D:1)
  2 leopard geckos (D:1)
  A ball python (D:1)
  A giant cockroach (D:1)
  4 goblins (D:1)
  2 hobgoblins (D:1)
  4 bats (D:1)
  2 frilled lizards (D:1)
  4 kobolds (D:1)
  3 rats (D:1)
24 creatures vanquished.

Notes
Turn   | Place    | Note
-------+----------+-------------------------------------------
     0 | D:1      | Kairos the Human Fighter began the quest for the Orb.
     0 | D:1      | Reached XP level 1. HP: 18/18 MP: 1/1
   155 | D:1      | Reached XP level 2. HP: 16/24 MP: 2/2
   345 | D:1      | Reached XP level 3. HP: 28/29 MP: 3/3
   594 | D:$      | Got out of the dungeon alive.

Vault maps used:
D:1:      eino_arrival_druids_welcome

Action                   || total
-------------------------++-------
Melee: Spear             ||    95
  Use: Potion            ||     4
       Scroll            ||     2
Armor: Scale mail        ||    46
Dodge: Dodged            ||    24
Block: Shield            ||    39

Table legend:
 A = Spawn XP
 B = Non-spawn XP
 C = Spawn XP percentage of total XP
 D = Spawn monster count
 E = Non-spawn monster count
 F = Spawn count percentage of total count
 G = Total turns spent on level
                    A         B        C        D         E        F      G
               +---------+---------+-------+---------+---------+-------+---------
         Total |       0 |      42 |   0.0 |       0 |      24 |   0.0 |   594
               +---------+---------+-------+---------+---------+-------+---------
           D:1 |       0 |      42 |   0.0 |       0 |      24 |   0.0 |   594
               +---------+---------+-------+---------+---------+-------+---------
